 Dungeon Crawl Stone Soup version 0.17.0-28-g6e173f8 (webtiles) character file.

1365 PossumBlood the Shield-Bearer (level 8, -10/61 HPs)
             Began as a Human Fighter on Nov 27, 2015.
             Mangled by an orc warrior
             ... wielding a +0 dire flail
              (17 damage)
             ... on level 6 of the Dungeon.
             The game lasted 00:18:16 (5753 turns).

PossumBlood the Shield-Bearer (Human Fighter)       Turns: 5753, Time: 00:18:16

Health: -10/61     AC: 13    Str: 16    XL:     8   Next: 97%
Magic:  8/8        EV: 10    Int:  9    God:
Gold:   261        SH: 10    Dex: 15    Spells: 0 memorised, 7 levels left

rFire  . . .     SeeInvis .     x - +1 scimitar (slice)
rCold  . . .     Clarity  .     b - +0 scale mail
rNeg   . . .     SustAt   .     c - +0 shield
rPois  .         Gourm    .     l - +0 helmet
rElec  .         Spirit   .     o - +2 cloak
rCorr  .         Warding  .     (no gloves)
rMut   .         Stasis   .     s - +0 pair of boots
MR     .....                    (no amulet)
Stlth  ..........               (no ring)
                                (no ring)

@: not resistant to hostile enchantments, extremely unstealthy
A: no striking features
a: no special abilities


You were on level 6 of the Dungeon.
You were not hungry.

You visited 1 branch of the dungeon, and saw 6 of its levels.

You collected 261 gold pieces.

Inventory:

Hand Weapons
 k - a +0 shortbow
 m - a +1 short sword of venom
 x - a +1 scimitar of slicing (weapon)
 C - a +0 shortbow
Missiles
 n - 113 arrows
 B - 5 silver tomahawks (quivered)
Armour
 b - a +0 scale mail (worn)
 c - a +0 shield (worn)
 l - a +0 helmet (worn)
 o - a +2 cloak (worn)
 s - a +0 pair of boots (worn)
Wands
 v - a wand of fire (5)
 w - a wand of lightning (4)
 y - a wand of flame (21)
Scrolls
 a - a scroll of fog
 d - 3 scrolls of remove curse
 j - 6 scrolls of teleportation
 q - 4 scrolls of identify
 A - 3 scrolls of enchant armour
 E - a scroll of amnesia
Potions
 h - a potion of invisibility
 i - 2 potions of curing
 p - a potion of cancellation {unknown}
 r - a potion of mutation {unknown}
 t - a potion of degeneration {unknown}
 u - 2 potions of heal wounds {unknown}
 z - a potion of brilliance {unknown}
 D - a potion of lignification {unknown}
Miscellaneous
 g - a plain deck of summoning
Comestibles
 e - 6 bread rations
 f - 3 beef jerkies


   Skills:
 + Level 4.8 Fighting
 + Level 5.3 Long Blades
 + Level 5.3 Armour
 + Level 4.4 Dodging
 - Level 0.9 Stealth
 + Level 5.6 Shields


You had 7 spell levels left.
You didn't know any spells.

Dungeon Overview and Level Annotations

Branches:
Dungeon (6/15)
 Temple: D:4-7

Altars:
Ashenzari
Cheibriados
Fedhas
Kikubaaqudgha
Nemelex Xobeh
Qazlal
Ru
Vehumet
Yredelemnul
Zin
The Shining One

Annotations:
D:5 Olekman's ghost, novice TrMo


Message History

You barely miss the orc warrior.
The orc warrior is heavily wounded.
The orc warrior hits you with a dire flail!
* * * LOW HITPOINT WARNING * * *
The orc warrior hits you with a dire flail!
* * * LOW HITPOINT WARNING * * *
You are too injured to fight recklessly!
You are too injured to fight recklessly!
You are too injured to fight recklessly!
You are too injured to fight recklessly!
You barely miss the orc warrior.
The orc warrior is heavily wounded.
You block the orc warrior's attack.
You closely miss the orc warrior.
The orc warrior is heavily wounded.
You block the orc warrior's attack.
You hit the orc warrior.
The orc warrior is severely wounded.
The orc warrior hits you with a dire flail!
You die...

#................# #.#
###.##############.# #.# ......#
#.# #.#
......############.####.#########
.................................
......####......#.......#..######
....######......#................
#.###.'_'......o#......##..######
......###.......@......##........
.#########......#(########.######
.### #.[[........(...[..........
[..# #.....####.......###.######
...# #.....# #.........#.# ...#
#.....# #.........#.# ...#
#.....# #.........#.# ...#
####### ######....#.# .###
#....#.#


You could see an orc warrior.

Vanquished Creatures
  An ice beast (D:6)
  2 centaurs
  A giant frog (D:5)
  9 scorpions (D:4)
  2 crimson imps (D:5)
  A centaur zombie (D:6)
  An orc priest (D:5)
  A giant frog skeleton (D:4)
  2 iguanas
  An orc wizard (D:5)
  3 worker ants
  A hound zombie (D:6)
  A hound skeleton (D:4)
  7 gnolls
  13 adders
  An ooze (D:1)
  3 worms
  4 giant geckos
  9 orcs
  5 giant cockroaches
  2 goblins
  12 hobgoblins
  9 kobolds
  2 quokkas
  12 bats
  A giant gecko skeleton (D:4)
  6 giant newts
  2 jackals (D:4)
  A jackal skeleton (D:6)
  7 rats
122 creatures vanquished.

Vanquished Creatures (others)
  2 fungi (D:4)
2 creatures vanquished.

Grand Total: 124 creatures vanquished

Notes
Turn   | Place    | Note
--------------------------------------------------------------
     0 | D:1      | PossumBlood the Human Fighter began the quest for the Orb.
     0 | D:1      | Reached XP level 1. HP: 18/18 MP: 1/1
    79 | D:1      | Reached XP level 2. HP: 18/24 MP: 2/2
   661 | D:1      | Reached XP level 3. HP: 29/29 MP: 3/3
  1042 | D:2      | Reached XP level 4. HP: 30/35 MP: 4/4
  1296 | D:2      | Found a basalt altar of Yredelemnul.
  1298 | D:2      | Found a sacrificial altar of Ru.
  1303 | D:2      | Found a glowing golden altar of the Shining One.
  1303 | D:2      | Found a blossoming altar of Fedhas.
  1304 | D:2      | Found a shattered altar of Ashenzari.
  1305 | D:2      | Found a radiant altar of Vehumet.
  1311 | D:2      | Found a stormy altar of Qazlal.
  1524 | D:3      | Reached skill level 1 in Dodging
  1529 | D:3      | Reached XP level 5. HP: 41/41 MP: 5/5
  1583 | D:3      | Noticed a centaur
  1591 | D:3      | Killed a centaur
  1848 | D:3      | Reached skill level 4 in Armour
  1892 | D:3      | Reached XP level 6. HP: 38/48 MP: 6/6
  2507 | D:4      | Reached XP level 7. HP: 39/54 MP: 7/7
  3399 | D:4      | Reached XP level 8. HP: 47/61 MP: 8/8
  3440 | D:4      | Reached skill level 5 in Armour
  3963 | D:4      | Found a sparkling altar of Nemelex Xobeh.
  4156 | D:5      | Entered Level 5 of the Dungeon
  4292 | D:5      | Reached skill level 5 in Shields
  4853 | D:5      | Found a snail-covered altar of Cheibriados.
  4877 | D:5      | Reached skill level 5 in Long Blades
  4998 | D:5      | Noticed Olekman's ghost (novice TrMo)
  5371 | D:6      | Found an ancient bone altar of Kikubaaqudgha.
  5461 | D:6      | Found a glowing silver altar of Zin.
  5753 | D:6      | Mangled by an orc warrior

Action                   |  1- 3 |  4- 6 |  7- 9 || total
-------------------------+-------+-------+-------++-------
Melee: Long sword        |    73 |   137 |   115 ||   325
       Scimitar          |       |       |   172 ||   172
  Use: Potion            |     1 |     3 |     1 ||     5
       Scroll            |       |     9 |     6 ||    15
  Eat: Royal jelly       |       |     1 |       ||     1
       Fruit             |       |     5 |     3 ||     8
       Meat ration       |       |       |     2 ||     2
